 Dungeon Crawl Stone Soup version 0.25.0-1-g7eea58d (webtiles) character file.

Game seed: 1894858987534287253

18 auberdahn the Magician (level 2, 0/20 HPs)
             Began as a Demonspawn Wizard on June 28, 2020.
             Slain by a jackal (2 damage)
             ... on level 1 of the Dungeon.
             The game lasted 00:02:03 (892 turns).

auberdahn the Magician (Demonspawn Wizard)           Turns: 892, Time: 00:02:04

Health: 0/20       AC:  3    Str:  7    XL:     2   Next: 48%
Magic:  2/6        EV: 12    Int: 19    God:
Gold:   56         SH:  0    Dex: 11    Spells: 2/7 levels left

rFire    + . .     SeeInvis .   (no weapon)
rCold    . . .     Gourm    .   (no shield)
rNeg     . . .     Faith    .   a - +0 robe
rPois    .         Spirit   .   b - +0 hat
rElec    .         Reflect  .   (no cloak)
rCorr    .         Harm     .   (no gloves)
MR       .....                  h - +0 pair of boots (curse)
Stlth    ++........             (no amulet)
HPRegen  0.06/turn              (no ring)
MPRegen  0.10/turn              (no ring)

@: no status effects
A: fire resistance 1
a: no special abilities


You were on level 1 of the Dungeon.
You were not hungry.

You visited 1 branch of the dungeon, and saw 1 of its levels.

You collected 56 gold pieces.

Inventory:

Missiles
 e - 2 javelins (quivered)
Armour
 a - a +0 robe (worn)
 b - a +0 hat (worn)
 h - a cursed +0 pair of boots (worn)
Scrolls
 c - 2 scrolls of identify {unknown}
 i - a scroll of blinking {unknown}
 j - a scroll of fear {unknown}
Potions
 g - a potion of heal wounds {unknown}
Comestibles
 d - 3 rations {!d}
 f - 4 chunks of flesh


   Skills:
 + Level 0.8 Fighting
 - Level 1.7 Dodging
 - Level 1.7 Stealth
 + Level 3.1 Spellcasting
 * Level 1.9 Conjurations
 + Level 1.0 Summonings
 + Level 1.0 Translocations


You had 2 spell levels left.
You knew the following spells:

 Your Spells              Type           Power        Failure   Level  Hunger
a - Magic Dart            Conj           ##..         7%          1    None
b - Blink                 Tloc           N/A          16%         2    ##.....
c - Call Imp              Summ           #.......     14%         2    ##.....

Your spell library contained the following spells:

 Spells                   Type           Power        Failure   Level  Hunger
 Slow                     Hex            #.......     22%         2    ##.....
 Conjure Flame            Conj/Fire      #.......     30%         3    ###....
 Mephitic Cloud           Conj/Pois/Air  #.......     34%         3    ###....


Dungeon Overview and Level Annotations

Branches:
Dungeon (1/15)

Altars:


Innate Abilities, Weirdness & Mutations

Your flesh is heat resistant. (rF+)


Message History

The jackal barely misses you. The jackal closely misses you.
The jackal bites you.
* * * LOW HITPOINT WARNING * * *
The jackal barely misses you.
Throwing (i - inventory)
e - 4 javelins (quivered)
Press: ? - help, Shift-Dir - straight line, f - jackal, p - jackal
Aim: a jackal You throw a javelin.
The javelin pierces through the jackal but does no damage.
The jackal is heavily wounded.
The javelin barely misses the jackal.
The jackal bites you but does no damage.
The jackal bites you.
* * * LOW HITPOINT WARNING * * *
Throwing (i - inventory)
e - 3 javelins (quivered)
Press: ? - help, Shift-Dir - straight line, f/p - jackal
Aim: a jackal You throw a javelin.
The javelin barely misses the jackal.
The jackal bites you.
You die...

.........# #.#
.........# #.#
.........# #.#
...(.....# #.#
.........###.#
########..##.##########
###.##.##...[...#
#......##.......# .
#.##...##.@.....# .. #.
#...##hh.....# ...#
#...รท.h......# ....
##...#.......#
#..##.[.#.......#
#..).(>.#.(.....#
#.....######+######
....... .##.h..


You could see 3 jackals.

Vanquished Creatures
  2 dart slugs (D:1)
  A leopard gecko (D:1)
  3 bats (D:1)
  A giant cockroach (D:1)
  2 hobgoblins (D:1)
  2 frilled lizards (D:1)
  2 rats (D:1)
13 creatures vanquished.

Notes
Turn   | Place    | Note
-------+----------+-------------------------------------------
     0 | D:1      | auberdahn the Demonspawn Wizard began the quest for the
                  | Orb.
     0 | D:1      | Reached XP level 1. HP: 13/13 MP: 4/4
   424 | D:1      | Gained mutation: Your flesh is heat resistant. (rF+)
                  | [demonic ancestry]
   424 | D:1      | Reached XP level 2. HP: 5/20 MP: 1/6
   858 | D:1      | Learned a level 2 spell: Blink
   861 | D:1      | Learned a level 2 spell: Call Imp
   878 | D:1      | Reached skill level 1 in Translocations
   891 | D:1      | HP: 1/20 [jackal (2)]
   892 | D:1      | Slain by a jackal

Illustrated notes

Levels and vault maps discovered:
D:1:      scummos_arrival_simple_crosswalls, layout_basic

Skill      XL: |  1  2 |
---------------+-------+-----
Translocations | 1 |  1.0
Fighting       | |  0.8
Dodging        | |  1.7
Stealth        | |  1.7
Spellcasting   | |  3.1
Conjurations   | |  1.9
Summonings     | |  1.0

Action                   || total
-------------------------++-------
Melee: Unarmed           ||    23
Throw: Javelin           ||    10
 Cast: Magic Dart        ||    37
Armor: Robe              ||    10
Dodge: Dodged            ||    40
